[Event "Titled Tuesday Blitz November 14 Late 2023"]
[White "Piesik, Piotr"]
[Black "Semenenko, Dmytry"]
[WhiteFideId "1136194"]
[BlackFideId "14118645"]
[WhiteElo "2658"]
[BlackElo "2379"]
[Result "0-1"]
[Round "2"]
[TimeControl "180+1"]
[Date "2023.11.14"]
[WhiteClock "0:02:03"]
[BlackClock "0:01:54"]
[Board "90"]

1. Nf3 d5 2. g3 Nf6 3. Bg2 c6 4. O-O h6 5. d3 Bf5 6. Nbd2 e6 7. Qe1 Be7 8. e4 dxe4 9. dxe4 Bh7 10. Qe2 O-O 11. a4 Nbd7 12. b3 Nc5 13. e5 Nd5 14. Nc4 Nc3 15. Qe3 Nd5 16. Qe2 Nc3 17. Qe1 Nd5 18. Nd4 a5 19. Bb2 Nb4 20. Qe2 Qc7 21. Rfd1 Rad8 22. f4 Rxd4 23. Bxd4 Nxc2 24. Bc3 Nxa1 25. Bxa5 Qb8 26. Rxa1 Nxb3 27. Rd1 Nxa5 28. Nxa5 Qa7+ 0-1


[Site "https://www.chess.com"]

[Event "Titled Tuesday Blitz November 14 Late 2023"]
[White "GatoRojo150"]
[Black "Mushini Ajay"]
[BlackFideId "35066188"]
[WhiteElo "2636"]
[BlackElo "2397"]
[Result "1-0"]
[Round "2"]
[TimeControl "180+1"]
[Date "2023.11.14"]
[WhiteClock "0:01:31"]
[BlackClock "0:00:41"]
[Board "91"]

1. e4 c5 2. Nf3 d6 3. Nc3 a6 4. d4 cxd4 5. Nxd4 e5 6. Nf5 Bxf5 7. exf5 Nf6 8. g4 h6 9. h4 Nbd7 10. Rg1 Nc5 11. g5 Nfe4 12. Nxe4 Nxe4 13. Qd5 Nc5 14. g6 Qf6 15. Be3 O-O-O 16. O-O-O Be7 17. gxf7 Rhf8 18. Bh3 Kb8 19. b4 Nd7 20. Bg2 1-0


[Site "https://www.chess.com"]

[Event "Titled Tuesday Blitz November 14 Late 2023"]
[White "Perske, Thore"]
[Black "Garrido, Denis"]
[WhiteFideId "12902195"]
[BlackFideId "601217"]
[WhiteElo "2635"]
[BlackElo "2362"]
[Result "0-1"]
[Round "2"]
[TimeControl "180+1"]
[Date "2023.11.14"]
[WhiteClock "0:00:00"]
[BlackClock "0:00:22"]
[Board "92"]

1. d4 d5 2. Nf3 Nf6 3. g3 e6 4. Bg2 Be7 5. O-O O-O 6. c4 c6 7. Nc3 a5 8. Nd2 b5 9. cxb5 cxb5 10. Nxb5 Qb6 11. Nc3 Nc6 12. e4 Qxd4 13. exd5 exd5 14. Nf3 Qxd1 15. Rxd1 Be6 16. Be3 Rab8 17. Nd4 Nxd4 18. Bxd4 Rfc8 19. Rd2 Rc4 20. Rad1 a4 21. Bxf6 gxf6 22. Bxd5 Rcb4 23. Bxe6 fxe6 24. Rd7 Kf8 25. Ra7 Rxb2 26. Rxa4 Bc5 27. Ne4 Be7 28. Rd2 R2b4 29. Rxb4 Rxb4 30. Nc3 Bc5 31. Kg2 h6 32. Ne2 e5 33. Rc2 Bd6 34. h3 Kf7 35. Ng1 f5 36. Ne2 Ke6 37. Kf3 e4+ 38. Kg2 Ra4 39. Nc3 Ra5 40. Ne2 Ra4 41. Nf4+ Bxf4 42. gxf4 Ra3 43. Rb2 Kd5 44. Rb5+ Kd4 45. Rxf5 Rxa2 46. Re5 h5 47. Re8 h4 48. f5 Ra3 49. f6 Rf3 50. Re6 Kd5 51. Ra6 Kd4 52. Re6 Kd5 53. Ra6 Kd4 54. Ra5 Kc4 55. Re5 Kd4 56. Rh5 Rxf6 57. Rxh4 Ke5 58. Rh5+ Kf4 59. Ra5 Rg6+ 60. Kh2 Kf3 61. Rf5+ Ke2 62. h4 e3 63. fxe3 Kxe3 64. h5 Rh6 65. Kh3 Ke4 66. Rf8 Ke5 67. Kg4 Ke6 68. Kg5 Ke7 69. Rf1 Rh8 70. h6 Rg8+ 71. Kh5 Rf8 72. Re1+ Kf7 73. h7 Kg7 74. Re7+ Kh8 75. Kg6 Ra8 76. Rg7 Ra6+ 0-1


[Site "https://www.chess.com"]

[Event "Titled Tuesday Blitz November 14 Late 2023"]
[White "Gubajdullin, Alexei"]
[Black "el_sporco"]
[WhiteFideId "4141202"]
[WhiteElo "2631"]
[BlackElo "2366"]
[Result "0-1"]
[Round "2"]
[TimeControl "180+1"]
[Date "2023.11.14"]
[WhiteClock "0:01:01"]
[BlackClock "0:00:15"]
[Board "93"]

1. d4 Nf6 2. Nf3 e6 3. Bf4 b6 4. e3 Bb7 5. h3 d6 6. Nbd2 c5 7. Be2 cxd4 8. exd4 Be7 9. O-O O-O 10. a4 Nbd7 11. c3 Qc7 12. Nc4 Ba6 13. Ne3 Bxe2 14. Qxe2 Rac8 15. a5 Qb7 16. axb6 Nxb6 17. Ra2 d5 18. Rfa1 Ra8 19. Qb5 Ne4 20. Ne5 Bd6 21. Bh2 f6 22. Nd3 Bxh2+ 23. Kxh2 Rf7 24. Kg1 Nc4 25. Qxb7 Rxb7 26. Nd1 a5 27. f3 Ned2 28. Nc5 Rb6 29. b4 e5 30. bxa5 Rb5 31. a6 exd4 32. cxd4 Nb3 33. Rb1 Nxd4 34. Rxb5 Nxb5 35. Nf2 Kf7 36. Nfd3 Ke7 37. Re2+ Kf7 38. Nb4 Rc8 39. Ncd3 Nd4 40. Ra2 Nb5 41. Nxd5 Ke6 42. N3b4 Kd6 43. Nb6 Nxb6 44. a7 Ra8 45. Rd2+ Kc5 46. Na6+ Kc6 47. Rc2+ Kb7 48. Nc5+ Kxa7 49. Rb2 Nc7 50. Re2 Ncd5 51. Rd2 Rc8 52. Ne4 Kb8 53. Nd6 Rc1+ 54. Kh2 Rc6 55. Nf5 Kb7 56. Nxg7 Rc7 57. Ne6 Re7 58. Nd4 Ne3 59. Rb2 Kc7 60. Nb5+ Kc6 61. Nd4+ Kc5 62. Nb3+ Kc4 63. Nd2+ Kc3 64. Rxb6 Kxd2 65. Rxf6 Ke2 66. Rf8 Kf2 67. h4 Rg7 68. g4 Rc7 69. h5 Rc1 70. g5 Nf1+ 71. Kh3 Ne3 72. Kh2 Rg1 73. g6 hxg6 74. h6 Rg2+ 75. Kh3 Rg1 76. Kh2 Rg2+ 77. Kh3 Rg3+ 78. Kh4 Nf5+ 79. Rxf5 gxf5 80. h7 Rg1 81. Kh5 Rh1+ 82. Kg6 Kxf3 83. Kg7 Kg4 84. h8=Q Rxh8 85. Kxh8 f4 86. Kg7 f3 87. Kf6 f2 88. Ke5 f1=Q 89. Kd4 Qf4+ 0-1


[Site "https://www.chess.com"]

[Event "Titled Tuesday Blitz November 14 Late 2023"]
[White "Ambartsumova, Karina"]
[Black "chessjazda"]
[WhiteFideId "4166299"]
[WhiteElo "2616"]
[BlackElo "2341"]
[Result "1-0"]
[Round "2"]
[TimeControl "180+1"]
[Date "2023.11.14"]
[WhiteClock "0:00:05"]
[BlackClock "0:00:04"]
[Board "94"]

1. d4 d5 2. c4 e6 3. Nc3 Nf6 4. cxd5 exd5 5. Bg5 Be7 6. e3 Nbd7 7. Bd3 h6 8. Bh4 c6 9. h3 O-O 10. Qc2 Re8 11. Nf3 a6 12. O-O Nf8 13. Ne5 N6d7 14. Bg3 Nxe5 15. dxe5 Bh4 16. Bh2 b5 17. Rad1 Qb6 18. Kh1 Bb7 19. Ne2 c5 20. Qd2 Rad8 21. f4 d4 22. exd4 cxd4 23. f5 Bg5 24. Qe1 Be3 25. Qg3 Bd5 26. Nf4 Bxf4 27. Rxf4 f6 28. Rg4 Re7 29. exf6 Qxf6 30. Qf2 Rde8 31. Bg3 Nh7 32. Bh4 Ng5 33. Qxd4 Qxd4 34. Rxd4 Bb7 35. Bf1 Re4 36. a4 Rxd4 37. Rxd4 bxa4 38. Rxa4 Rd8 39. Ra1 Rd2 40. b4 Ne4 41. Bxa6 Bxa6 42. Rxa6 Rb2 43. Rb6 Nd2 44. Rb8+ Kf7 45. Kg1 Ne4 46. b5 Rb1+ 47. Kh2 Rb4 48. b6 Nd6 49. Bg3 Nxf5 50. Bc7 Ne7 51. Rd8 Nc6 52. Rd2 Ke6 53. Re2+ Kd5 54. Rf2 Nd4 55. Rf7 Ne6 56. Rd7+ Ke4 57. Re7 Kf5 58. g4+ Kf6 59. Rd7 g5 60. Rd6 Ke7 61. Rd2 Rb3 62. Kg2 Nf4+ 63. Bxf4 gxf4 64. Rf2 Rxb6 65. Rxf4 Rb3 66. Rf3 Ke6 67. Kg3 Rb2 68. Rf2 Rb3+ 69. Kh4 Rb5 70. Rf3 Ra5 71. Rf8 Rb5 72. Rh8 Kf7 73. Rxh6 Kg7 74. Rh5 Rb4 75. Rf5 Rb3 76. Rf2 Rb2 77. Rxb2 1-0


[Site "https://www.chess.com"]

[Event "Titled Tuesday Blitz November 14 Late 2023"]
[White "Esquivel Golcher, Luis Enrique"]
[Black "Leiva, Gianmarco"]
[WhiteFideId "6600174"]
[BlackFideId "3804399"]
[WhiteElo "2355"]
[BlackElo "2608"]
[Result "1-0"]
[Round "2"]
[TimeControl "180+1"]
[Date "2023.11.14"]
[WhiteClock "0:00:28"]
[BlackClock "0:00:00"]
[Board "95"]

1. b3 Nf6 2. Bb2 e6 3. c4 d5 4. e3 Bd6 5. f4 O-O 6. Nf3 c5 7. Ne5 b6 8. Be2 Bb7 9. Bf3 Nc6 10. O-O Qe7 11. Nxc6 Bxc6 12. Nc3 Rfd8 13. Qe2 Rac8 14. Rae1 Bb8 15. Ba1 e5 16. Nxd5 Nxd5 17. cxd5 Bxd5 18. Bxd5 Rxd5 19. e4 Rd7 20. f5 f6 21. Bc3 Rcd8 22. Rf3 Rb7 23. a4 Qf7 24. Qc4 Rbd7 25. Qb5 Rd6 26. h4 Qb7 27. Kh2 Kh8 28. h5 Qf7 29. Rh3 h6 30. a5 Qb7 31. a6 Qe7 32. b4 cxb4 33. Bxb4 Qd7 34. Qxd7 R6xd7 35. Rc1 Bd6 36. Bxd6 Rxd6 37. Rc7 R6d7 38. Rhc3 Kg8 39. Rb7 Kf7 40. Rcc7 Ke8 41. Rxa7 Rxc7 42. Rxc7 Ra8 43. a7 1-0


[Site "https://www.chess.com"]

[Event "Titled Tuesday Blitz November 14 Late 2023"]
[White "aghasiyevkamal"]
[Black "Biernacki, Mark"]
[BlackFideId "2082322"]
[WhiteElo "2593"]
[BlackElo "2334"]
[Result "1-0"]
[Round "2"]
[TimeControl "180+1"]
[Date "2023.11.14"]
[WhiteClock "0:00:17"]
[BlackClock "0:00:05"]
[Board "97"]

1. e4 c6 2. d4 d5 3. exd5 cxd5 4. Bd3 Nf6 5. h3 Nc6 6. c3 g6 7. Nf3 Bf5 8. Be2 Bg7 9. O-O O-O 10. Bf4 Qb6 11. Qb3 Qxb3 12. axb3 a6 13. Nbd2 Ne4 14. Rfe1 Nxd2 15. Nxd2 Rfe8 16. b4 f6 17. Bf3 Rad8 18. Bc7 Rd7 19. Bb6 e5 20. Nb3 Bf8 21. Bc5 Bc2 22. Bd1 Bxb3 23. Bxb3 Bxc5 24. bxc5 exd4 25. Rxe8+ Kf7 26. Rh8 Kg7 27. Rc8 dxc3 28. bxc3 Ne5 29. Rd1 Rc7 30. Rxc7+ 1-0


[Site "https://www.chess.com"]

[Event "Titled Tuesday Blitz November 14 Late 2023"]
[White "Baches Garcia, Guillermo"]
[Black "Feliz Dotel, Dewar Bienvenido"]
[WhiteFideId "2209764"]
[BlackFideId "6402801"]
[WhiteElo "2528"]
[BlackElo "2116"]
[Result "1-0"]
[Round "2"]
[TimeControl "180+1"]
[Date "2023.11.14"]
[WhiteClock "0:00:22"]
[BlackClock "0:00:00"]
[Board "98"]

1. d4 d5 2. Nf3 e6 3. Bg5 Be7 4. Bxe7 Qxe7 5. Nbd2 Nf6 6. e3 O-O 7. Bd3 b6 8. Ne5 c5 9. c3 Ba6 10. Bxa6 Nxa6 11. f4 Nb8 12. O-O Nfd7 13. Qh5 f6 14. Nxd7 Nxd7 15. Rf3 Qf7 16. Qg4 f5 17. Qh4 Nf6 18. Rh3 h6 19. Rf1 Ne4 20. Nxe4 dxe4 21. g4 cxd4 22. exd4 Qf6 23. g5 hxg5 24. fxg5 Qg6 25. Qf4 Rac8 26. a3 a5 27. Rg3 b5 28. h4 b4 29. axb4 axb4 30. Ra1 bxc3 31. bxc3 Rb8 32. Rg2 Rb3 33. Qe3 Rfb8 34. Kh2 Qh5 35. Qg3 Rb2 36. Ra7 Rxg2+ 37. Kxg2 Rb2+ 38. Kh3 Qe2 39. Ra8+ 1-0


[Site "https://www.chess.com"]

[Event "Titled Tuesday Blitz November 14 Late 2023"]
[White "Herman, Matthew"]
[Black "Petersson, Kjell"]
[WhiteFideId "2028964"]
[BlackFideId "1705148"]
[WhiteElo "2523"]
[BlackElo "2141"]
[Result "1-0"]
[Round "2"]
[TimeControl "180+1"]
[Date "2023.11.14"]
[WhiteClock "0:00:15"]
[BlackClock "0:00:03"]
[Board "99"]

1. e4 c5 2. Nf3 d6 3. d4 cxd4 4. Nxd4 Nf6 5. Nc3 g6 6. Be3 Bg7 7. f3 Nc6 8. Nb3 O-O 9. Qd2 Be6 10. O-O-O Rc8 11. Kb1 Na5 12. Nd4 Nc4 13. Bxc4 Bxc4 14. Bh6 b5 15. h4 b4 16. Na4 Qa5 17. b3 Bb5 18. Nxb5 Qxb5 19. g4 Rc7 20. Bxg7 Kxg7 21. h5 g5 22. h6+ Kh8 23. Qe3 Rfc8 24. Rd2 Qe5 25. Rc1 Qf4 26. Qxf4 gxf4 27. g5 Nh5 28. e5 dxe5 29. Rcd1 Rg8 30. Rd8 Rc8 31. Rxc8 Rxc8 32. Rd7 Kg8 33. Rxe7 a5 34. Rxe5 Ra8 35. Nb6 Rb8 36. Nd5 Rd8 37. Kb2 Kf8 38. Nb6 Rd6 39. Nc4 Rd8 40. Rxa5 Re8 41. Rb5 Ng3 42. Rxb4 Ne2 43. Rb5 Nd4 44. Re5 Nxf3 45. Rf5 Nh4 46. Rxf4 Ng6 47. Rf5 Rd8 48. Rb5 Nf4 49. a4 Nd5 50. a5 Nc7 51. Rb7 Na6 52. Rb6 Nc7 53. a6 Ra8 54. Ne5 Nxa6 55. Rf6 Ra7 56. Nxf7 Rxf7 57. Rxa6 Rf5 58. Rf6+ Rxf6 59. gxf6 Kf7 60. b4 Kxf6 61. b5 Ke6 62. b6 Kd6 63. c4 Kc6 64. c5 Kb7 65. Kc3 Kc6 66. Kc4 Kb7 67. Kd5 Kb8 68. Kc6 Kc8 69. Kd6 Kb8 70. c6 Kc8 71. Ke6 Kd8 72. Kf7 Kc8 73. Kg7 1-0


[Site "https://www.chess.com"]

[Event "Titled Tuesday Blitz November 14 Late 2023"]
[White "Smirnov, Timofey"]
[Black "Droin, Augustin"]
[WhiteFideId "24176427"]
[BlackFideId "45105987"]
[WhiteElo "2106"]
[BlackElo "2516"]
[Result "0-1"]
[Round "2"]
[TimeControl "180+1"]
[Date "2023.11.14"]
[WhiteClock "0:01:32"]
[BlackClock "0:02:32"]
[Board "100"]

1. d4 d5 2. Bf4 h5 3. Nf3 f6 4. h3 g5 5. Bh2 g4 6. hxg4 hxg4 7. Nfd2 g3 8. fxg3 Nh6 9. e3 Ng4 10. Bd3 Qd6 11. Bg6+ Kd8 12. c4 Rxh2 13. Rxh2 Qxg3+ 14. Ke2 Qxe3+ 0-1


[Site "https://www.chess.com"]

[Event "Titled Tuesday Blitz November 14 Late 2023"]
[White "Arnold, Ken"]
[Black "Makarian, Rudik"]
[WhiteFideId "2056836"]
[BlackFideId "44105681"]
[WhiteElo "2400"]
[BlackElo "2961"]
[Result "1/2-1/2"]
[Round "2"]
[TimeControl "180+1"]
[Date "2023.11.14"]
[WhiteClock "0:00:16"]
[BlackClock "0:00:11"]
[Board "101"]

1. e4 c5 2. Nf3 d6 3. Bc4 Nf6 4. Nc3 Nc6 5. h3 e6 6. O-O Be7 7. d3 O-O 8. a3 a6 9. Bg5 h6 10. Bf4 b5 11. Ba2 Bb7 12. Re1 Qd7 13. e5 dxe5 14. Nxe5 Nxe5 15. Bxe5 Rac8 16. Ne4 Nxe4 17. dxe4 Rfd8 18. Qg4 Bf8 19. Rad1 Qe7 20. c4 Qg5 21. Qxg5 hxg5 22. cxb5 axb5 23. f3 c4 24. Bc3 Be7 25. Bb1 Bf6 26. e5 Be7 27. Kf2 g6 28. Ke2 Bd5 29. Be4 Bc5 30. Bd2 Bxe4 31. fxe4 Rd4 32. Bxg5 Rxe4+ 33. Kf3 Rxe1 34. Rxe1 Bd4 35. Re2 Rc5 36. Bf4 Rd5 37. Ke4 Bc5 38. Rd2 Rxd2 39. Bxd2 Kg7 40. Be3 Be7 41. Bd4 Kh6 42. Be3+ Kh5 43. Bf4 g5 44. Bg3 Bc5 45. Be1 Be7 46. g4+ Kg6 47. Kd4 f5 48. a4 bxa4 49. Kxc4 f4 50. Bf2 Bd8 51. Kb4 Bc7 52. Bd4 f3 53. Kxa4 Bxe5 54. Bf2 Bxb2 55. Kb3 Ba1 56. Kc4 e5 57. Kd3 Bd4 58. Bg3 Kf6 59. h4 gxh4 60. Bxh4+ Kg6 61. Ke4 f2 62. Bxf2 Bxf2 63. Kxe5 Kg5 64. Ke4 Kxg4 1/2-1/2


[Site "https://www.chess.com"]

[Event "Titled Tuesday Blitz November 14 Late 2023"]
[White "Kubatko, Ivan"]
[Black "Alekseenko, Kirill"]
[WhiteFideId "24111473"]
[BlackFideId "4135539"]
[WhiteElo "2399"]
[BlackElo "2957"]
[Result "0-1"]
[Round "2"]
[TimeControl "180+1"]
[Date "2023.11.14"]
[WhiteClock "0:00:02"]
[BlackClock "0:01:18"]
[Board "102"]

1. e4 c5 2. c3 Qa5 3. Nf3 Nc6 4. Na3 e6 5. Nc4 Qc7 6. d4 cxd4 7. cxd4 d5 8. exd5 exd5 9. Nce5 Bd6 10. Bd3 Nf6 11. O-O O-O 12. Nxc6 bxc6 13. h3 Ne4 14. Re1 f5 15. Ne5 c5 16. Bf4 Bb7 17. Rc1 Rae8 18. Qb3 c4 19. Bxc4 dxc4 20. Rxc4 Bd5 21. Rxc7 Bxb3 22. Rxa7 Bd5 23. f3 Nf6 24. Kf2 Nh5 25. Bd2 Be7 26. g3 f4 0-1


[Site "https://www.chess.com"]

[Event "Titled Tuesday Blitz November 14 Late 2023"]
[White "Marchesich, Giovanni"]
[Black "BardArtem"]
[WhiteFideId "2824790"]
[WhiteElo "2398"]
[BlackElo "2821"]
[Result "0-1"]
[Round "2"]
[TimeControl "180+1"]
[Date "2023.11.14"]
[WhiteClock "0:00:06"]
[BlackClock "0:00:05"]
[Board "103"]

1. e4 e5 2. Nf3 Nc6 3. Nc3 Nf6 4. d4 exd4 5. Nxd4 Nxe4 6. Nxe4 Qe7 7. Bd3 Nxd4 8. O-O Qd8 9. Bg5 Be7 10. Qh5 Ne6 11. Bxe7 Qxe7 12. f4 g6 13. Qh6 d5 14. Ng3 Bd7 15. f5 gxf5 16. Nxf5 Qc5+ 17. Kh1 O-O-O 18. Rae1 Kb8 19. Qf6 Rdf8 20. Nh6 a6 21. Re5 Bb5 22. Qf3 Bxd3 23. Qxd3 Nd4 24. c3 Nc6 25. Rxd5 Rd8 26. Rff5 Qe7 27. h3 Rxd5 28. Rxd5 Re8 29. Kh2 Ne5 30. Qe4 Qe6 31. Nf5 Ng4+ 32. Qxg4 Qxd5 33. Ng3 Qe5 34. Qf3 Rg8 35. h4 f5 36. Kh3 f4 37. Ne2 Qf5+ 38. Kh2 Rg4 39. g3 fxg3+ 40. Kg2 Qxf3+ 41. Kxf3 Rxh4 42. Nxg3 Rh2 0-1


[Site "https://www.chess.com"]

[Event "Titled Tuesday Blitz November 14 Late 2023"]
[White "Dourerassou, Jonathan"]
[Black "Jamal-Jamal-Jamal"]
[WhiteFideId "628050"]
[WhiteElo "2789"]
[BlackElo "2394"]
[Result "1-0"]
[Round "2"]
[TimeControl "180+1"]
[Date "2023.11.14"]
[WhiteClock "0:01:16"]
[BlackClock "0:00:04"]
[Board "104"]

1. d4 Nf6 2. Bg5 d5 3. Bxf6 gxf6 4. e3 c5 5. dxc5 Nc6 6. Nf3 e5 7. c4 d4 8. exd4 Nxd4 9. Nxd4 Qxd4 10. Qxd4 exd4 11. Nd2 Bxc5 12. O-O-O Bf5 13. Nb3 b6 14. Nxd4 Bxd4 15. Rxd4 Rd8 16. Rf4 Be6 17. Be2 Ke7 18. Re1 Rhg8 19. g3 Rg5 20. Rh4 Re5 21. b3 Rd6 22. f3 Bf5 23. Rh5 Rde6 24. Kd2 Rd6+ 25. Kc3 Rde6 26. a4 Rxe2 27. Rxe2 Rxe2 28. Rxf5 Rxh2 29. a5 Rg2 30. g4 Rf2 31. axb6 axb6 32. Kd4 Rd2+ 33. Ke3 Rd6 34. Rh5 Re6+ 35. Kd4 Rd6+ 36. Kc3 Re6 37. Kd3 Rd6+ 38. Ke3 Re6+ 39. Kf4 Re1 40. Rb5 Re6 41. Rd5 Re1 42. Rh5 Re2 43. Kg3 Re3 44. Rb5 Re6 45. Kf4 Kd7 46. Kf5 Ke7 47. f4 Rd6 48. Ke4 Re6+ 49. Kd4 Rd6+ 50. Rd5 Re6 51. Rh5 Rd6+ 52. Kc3 Re6 53. Rxh7 Re4 54. g5 Rxf4 55. g6 Rg4 56. Rxf7+ Ke6 57. Rg7 f5 58. Rb7 Rg3+ 59. Kb4 f4 60. Rxb6+ Ke5 61. c5 f3 62. Rb8 Rg4+ 63. Kc3 f2 64. Rf8 Rf4 65. Rxf4 Kxf4 66. g7 f1=Q 67. g8=Q Qa1+ 68. Kb4 Qe1+ 69. Kb5 Qe8+ 70. Qxe8 Kf5 71. c6 Kf6 72. c7 Kg7 73. c8=Q 1-0


[Site "https://www.chess.com"]

[Event "Titled Tuesday Blitz November 14 Late 2023"]
[White "Holt, Conrad"]
[Black "Zakarian, David"]
[WhiteFideId "2034387"]
[BlackFideId "13301276"]
[WhiteElo "2779"]
[BlackElo "2390"]
[Result "1-0"]
[Round "2"]
[TimeControl "180+1"]
[Date "2023.11.14"]
[WhiteClock "0:02:29"]
[BlackClock "0:01:17"]
[Board "105"]

1. a3 Nc6 2. b4 d5 3. Bb2 Nf6 4. e3 a6 5. c4 e6 6. Nf3 Be7 7. Qc2 O-O 8. Ng5 g6 9. h4 Qd7 10. h5 dxc4 11. hxg6 hxg6 12. Bxc4 b5 13. Bxe6 Qxe6 14. Nxe6 1-0


[Site "https://www.chess.com"]

[Event "Titled Tuesday Blitz November 14 Late 2023"]
[White "hristos03"]
[Black "Schnaider, Ilan"]
[BlackFideId "169013"]
[WhiteElo "2389"]
[BlackElo "2728"]
[Result "0-1"]
[Round "2"]
[TimeControl "180+1"]
[Date "2023.11.14"]
[WhiteClock "0:00:05"]
[BlackClock "0:01:20"]
[Board "106"]

1. e4 c5 2. Nf3 d6 3. d4 cxd4 4. Nxd4 Nf6 5. Nc3 a6 6. h3 Nc6 7. Be3 e5 8. Nb3 Be7 9. g4 Be6 10. g5 Nd7 11. h4 Nc5 12. Nxc5 dxc5 13. Nd5 Nd4 14. c4 Bxd5 15. exd5 Bd6 16. Bxd4 exd4 17. Qe2+ Kd7 18. O-O-O Qa5 19. Kb1 Rae8 20. Qf3 Re7 21. Bd3 Kc7 22. h5 b5 23. h6 g6 24. Qf6 Rhe8 25. Qg7 Re1 26. Qxf7+ R8e7 27. Qf3 Qd2 28. Rhxe1 Rxe1 29. Bc2 Rxd1+ 30. Bxd1 Bf4 31. a3 bxc4 32. d6+ Kxd6 33. Ba4 Qd3+ 34. Qxd3 cxd3 35. Bb3 Bxg5 36. Bc4 d2 37. Kc2 Bxh6 38. Bxa6 Bf4 39. a4 h5 40. Be2 h4 41. Bg4 Kc6 42. b3 Kb6 43. Bf3 Ka5 44. Bg4 Kb4 45. Kd1 Kxb3 46. a5 c4 47. a6 c3 48. Be6+ Kb2 49. a7 c2+ 50. Ke2 d1=Q# 0-1


[Site "https://www.chess.com"]

[Event "Titled Tuesday Blitz November 14 Late 2023"]
[White "Goltsev, Dmitry"]
[Black "Real_taiatai"]
[WhiteFideId "24176710"]
[WhiteElo "2726"]
[BlackElo "2383"]
[Result "1-0"]
[Round "2"]
[TimeControl "180+1"]
[Date "2023.11.14"]
[WhiteClock "0:00:11"]
[BlackClock "0:00:10"]
[Board "107"]

1. e4 e5 2. Nf3 Nc6 3. Bb5 Nf6 4. O-O d6 5. c3 Bd7 6. d4 a6 7. Ba4 Nxe4 8. Re1 Nf6 9. dxe5 Nxe5 10. Nxe5 dxe5 11. Rxe5+ Be7 12. Bg5 Bxa4 13. Qxa4+ Qd7 14. Qxd7+ Kxd7 15. Nd2 Rhe8 16. Nc4 b5 17. Ne3 Bd6 18. Rxe8 Nxe8 19. a4 h6 20. Bh4 g5 21. Bg3 Bxg3 22. hxg3 Rb8 23. axb5 axb5 24. Nf5 Rb6 25. Rd1+ Ke6 26. g4 Nd6 27. Nxh6 b4 28. Re1+ Kd5 29. Ng8 bxc3 30. bxc3 Kc4 31. Nf6 Rb5 32. Re7 c5 33. Rd7 Rb6 34. f3 Ra6 35. Kh2 Kxc3 36. Rxd6 Rxd6 37. Ne4+ Kd3 38. Nxd6 c4 39. Nxf7 c3 40. Ne5+ Kd4 41. Nc6+ Kc5 42. Ne5 Kd4 43. f4 c2 44. Nf3+ Ke3 45. fxg5 c1=Q 46. g6 Qc6 47. Nh4 Qf6 48. Kh3 Qf2 49. Nf5+ Kf4 50. g7 Qe2 51. g8=Q Qd3+ 52. g3+ Kf3 53. Qa8+ Kf2 54. Qa2+ Kg1 55. Qa1+ Kf2 56. Qd4+ Qxd4 57. Nxd4 Ke3 58. Nf5+ Ke4 59. Kh4 Ke5 60. Kh5 Ke6 61. Kh6 Kf7 62. Kh7 Kf6 63. Kh6 Ke5 64. g5 Kxf5 65. g6 Kf6 66. g7 Kf7 67. Kh7 Kf6 68. g8=Q Kf5 69. g4+ Ke4 70. g5 1-0


[Site "https://www.chess.com"]

[Event "Titled Tuesday Blitz November 14 Late 2023"]
[White "Arifarsky"]
[Black "Melikhov, Evgeny V."]
[BlackFideId "4122046"]
[WhiteElo "2722"]
[BlackElo "2379"]
[Result "1-0"]
[Round "2"]
[TimeControl "180+1"]
[Date "2023.11.14"]
[WhiteClock "0:01:22"]
[BlackClock "0:00:09"]
[Board "108"]

1. e4 e5 2. Nf3 Nc6 3. Bb5 a6 4. Ba4 Nf6 5. d3 b5 6. Bb3 Be7 7. Bd2 d6 8. Nc3 O-O 9. Nd5 Be6 10. c3 Na5 11. Nxf6+ Bxf6 12. Bxe6 fxe6 13. b4 Nc6 14. Qb3 Qd7 15. O-O Ne7 16. d4 exd4 17. cxd4 Ng6 18. Rfe1 d5 19. Rac1 c6 20. Re2 dxe4 21. Rxe4 Qd5 22. Rxe6 Qxb3 23. axb3 Rfd8 24. Rcxc6 Bxd4 25. Rxa6 Rxa6 26. Rxa6 Bf6 27. Kf1 Rd3 28. Rb6 Rxb3 29. Rxb5 Bc3 30. Bxc3 Rxc3 31. Rf5 Rb3 32. b5 Ne7 33. Rc5 Kf7 34. Ke2 Ke8 35. Nd4 Rb2+ 36. Rc2 Rxc2+ 37. Nxc2 Kd7 38. Kd3 Kd6 39. Kc4 Nc8 40. Ne3 Nb6+ 41. Kd4 Nd7 42. Nf5+ Kc7 43. Nxg7 Kb6 44. f4 Kxb5 45. Kd5 Kb6 46. Kd6 Nf6 47. Ke6 Ne4 48. f5 Kc7 49. f6 Ng5+ 50. Ke7 1-0


[Site "https://www.chess.com"]

[Event "Titled Tuesday Blitz November 14 Late 2023"]
[White "Balla, Tamas-Kristof"]
[Black "CuteSheepCloud"]
[WhiteFideId "1208497"]
[WhiteElo "2377"]
[BlackElo "2679"]
[Result "0-1"]
[Round "2"]
[TimeControl "180+1"]
[Date "2023.11.14"]
[WhiteClock "0:01:28"]
[BlackClock "0:01:21"]
[Board "109"]

1. e4 e5 2. Nf3 Nc6 3. d4 exd4 4. Nxd4 Nf6 5. Nxc6 bxc6 6. e5 Nd5 7. c4 Nb6 8. Bd3 d6 9. exd6 Bxd6 10. O-O O-O 11. Be3 c5 12. Be4 Rb8 13. Nd2 Re8 14. b3 Qe7 15. Bf3 Qe5 16. g3 Bh3 17. Re1 Qf6 18. Bc6 Red8 19. Ne4 Qg6 20. Qf3 Be5 21. Nxc5 Bxa1 22. Rxa1 Rd6 23. Be4 Qf6 24. Qh5 Qxa1+ 0-1


[Site "https://www.chess.com"]

[Event "Titled Tuesday Blitz November 14 Late 2023"]
[White "Bugayev, Vladimir"]
[Black "Martinez Ramirez, Lennis"]
[WhiteFideId "30901480"]
[BlackFideId "3509079"]
[WhiteElo "2376"]
[BlackElo "2643"]
[Result "0-1"]
[Round "2"]
[TimeControl "180+1"]
[Date "2023.11.14"]
[WhiteClock "0:01:50"]
[BlackClock "0:02:20"]
[Board "110"]

1. e4 c6 2. d4 d5 3. exd5 cxd5 4. Bd3 Nf6 5. c3 Nc6 6. Bf4 g6 7. Nf3 Bg7 8. O-O O-O 9. Re1 Bf5 10. Ne5 Bxd3 11. Nxd3 e6 12. Nd2 b5 13. b4 a5 14. a3 Nd7 15. Bd6 Re8 16. Bc5 e5 17. dxe5 Nxc5 18. Nxc5 Bxe5 19. Qc2 axb4 20. axb4 Rxa1 21. Rxa1 Nxb4 22. Nf3 Nxc2 0-1


[Site "https://www.chess.com"]

[Event "Titled Tuesday Blitz November 14 Late 2023"]
[White "Golubev, Mikhail"]
[Black "Degtiarev, Evgeny"]
[WhiteFideId "14100983"]
[BlackFideId "4149610"]
[WhiteElo "2622"]
[BlackElo "2373"]
[Result "1/2-1/2"]
[Round "2"]
[TimeControl "180+1"]
[Date "2023.11.14"]
[WhiteClock "0:00:09"]
[BlackClock "0:00:09"]
[Board "111"]

1. e4 e5 2. Nf3 Nc6 3. Bc4 Bc5 4. c3 Nf6 5. d4 exd4 6. cxd4 Bb4+ 7. Nbd2 d5 8. exd5 Nxd5 9. O-O O-O 10. a3 Be7 11. Re1 Be6 12. Ba2 a5 13. Ne4 h6 14. h3 Nb8 15. Nc5 Bxc5 16. dxc5 c6 17. Nd4 Bc8 18. Qf3 Na6 19. Qg3 Qf6 20. Nf3 Nxc5 21. Bd2 Bf5 22. Bxd5 cxd5 23. Bc3 Qg6 24. Nd4 Qxg3 25. fxg3 Be4 26. Re3 Na4 27. g4 Nxc3 28. Rxc3 Rac8 29. Rac1 Rxc3 30. Rxc3 f5 31. gxf5 Bxf5 32. Rc7 Be4 33. Ne6 Rf7 34. Rc8+ Kh7 35. Nf8+ Kg8 36. Ne6+ Kh7 37. Nf8+ Kg8 38. Ne6+ 1/2-1/2


[Site "https://www.chess.com"]

[Event "Titled Tuesday Blitz November 14 Late 2023"]
[White "Chor, Kevin"]
[Black "Jimenez Ruano, Adrian"]
[WhiteFideId "2090740"]
[BlackFideId "22276050"]
[WhiteElo "2617"]
[BlackElo "2371"]
[Result "0-1"]
[Round "2"]
[TimeControl "180+1"]
[Date "2023.11.14"]
[WhiteClock "0:00:18"]
[BlackClock "0:00:04"]
[Board "112"]

1. d4 d5 2. c4 c6 3. Nf3 Nf6 4. e3 e6 5. Nc3 Nbd7 6. Be2 Bd6 7. O-O O-O 8. a3 b6 9. Qc2 Bb7 10. e4 e5 11. cxd5 cxd5 12. dxe5 Nxe5 13. exd5 Rc8 14. Bg5 h6 15. Bh4 Ng6 16. Bg3 Bxg3 17. hxg3 Nxd5 18. Rad1 Qe7 19. Rfe1 Nxc3 20. bxc3 Qxa3 21. Rd7 Bc6 22. Rd4 Bxf3 23. Bxf3 Qxc3 24. Qd1 a5 25. Rd6 b5 26. Bd5 Ne5 27. Kh2 Ng4+ 28. Qxg4 Qxe1 29. Rg6 Qe5 30. Ba2 h5 31. Qf3 Rc2 32. Bd5 Rc5 33. Ba2 Rc2 34. Bb1 Rb2 35. Rg5 Qxg5 36. Qe4 Qg6 37. Qd4 Qxb1 38. Qe5 Qc1 39. Qxh5 Rb1 40. g4 Qh1+ 41. Kg3 Qxh5 42. gxh5 Rb3+ 0-1


[Site "https://www.chess.com"]